 Dungeon Crawl Stone Soup version 0.28.0 (webtiles) character file.

Game seed: 8570138202258383828

7 pkoi the Gusty (level 1, -1/14 HPs)
             Began as a Draconian Air Elementalist on Feb 8, 2022.
             Slain by a quokka (2 damage)
             ... on level 1 of the Dungeon.
             The game lasted 00:00:34 (304 turns).

pkoi the Gusty (Draconian Air Elementalist)          Turns: 304, Time: 00:00:34

Health: -1/14      AC:  4    Str: 10    XL:     1   Next: 83%
Magic:  2/3        EV: 12    Int: 15    God:
Gold:   0          SH:  0    Dex: 11    Spells: 3/4 levels left

rFire   . . .      SeeInvis .   b - +0 club
rCold   . . .      Faith    .   (no shield)
rNeg    . . .      Spirit   .   (armour unavailable)
rPois   .          Reflect  .   (helmet restricted)
rElec   .          Harm     .   (no cloak)
rCorr   .          Rampage  .   (no gloves)
Will    .....                   (no boots)
Stlth   ++........              (no amulet)
HPRegen 0.04/turn               (no ring)
MPRegen 0.08/turn               (no ring)

@: no status effects
A: AC +4, unfitting armour, cold-blooded
a: no special abilities


You were on level 1 of the Dungeon.
You visited 1 branch of the dungeon, and saw 1 of its levels.

Inventory:

Hand Weapons
 b - a +0 club (weapon)
Potions
 a - a potion of brilliance {unknown}


   Skills:
 - Level 1.7 Dodging
 - Level 1.7 Stealth
 * Level 2.2 Spellcasting
 + Level 1.2 Conjurations
 + Level 3.1 Air Magic


You had 3 spell levels left.
You knew the following spells:

 Your Spells              Type           Power      Damage    Failure   Level
a - Shock                 Conj/Air       32%        1d5       9%          1

Your spell library contained the following spells:

 Spells                   Type           Power      Damage    Failure   Level
 Static Discharge         Conj/Air       8%         N/A       13%         2
 Swiftness                Air            11%        N/A       19%         3
 Airstrike                Air            5%         N/A       52%         4
 Blade Hands              Tmut           0%         N/A       99%         5
 Iron Shot                Conj/Erth      1%         9d1       100%        6
 Animate Armour           Summ/Erth      Unusable   N/A       N/A         4

Dungeon Overview and Level Annotations

Branches:
Dungeon (1/15)

Altars:


Innate Abilities, Weirdness & Mutations

Your plain brown scales are hard. (AC +4)
You cannot fit into any form of body armour.
You are cold-blooded and may be slowed by cold attacks.


Message History

The quokka bites you but does no damage.
The quokka barely misses you.
A rat comes into view.
You closely miss the quokka.
The quokka is moderately wounded.
The quokka bites you but does no damage.
You barely miss the quokka.
The quokka is moderately wounded.
The quokka barely misses you.
The quokka bites you but does no damage.
You barely miss the quokka.
The quokka is moderately wounded.
The quokka barely misses you.
Unknown command.
You closely miss the quokka.
The quokka is moderately wounded.
The quokka completely misses you. The quokka bites you.
* * * LOW HITPOINT WARNING * * *
You completely miss the quokka. Your punch misses the quokka.
The quokka is moderately wounded.
The quokka bites you.
* * * LOW HITPOINT WARNING * * *
Unknown command.
You barely miss the quokka.
The quokka is moderately wounded.
The quokka barely misses you. The quokka misses you.
Unknown command.
You hit the quokka but do no damage.
The quokka is moderately wounded.
The quokka bites you.
* * * LOW HITPOINT WARNING * * *
The rat splashes around in the water.
Unknown command.
The quokka bites you but does no damage.
The quokka bites you.
* * * LOW HITPOINT WARNING * * *
You completely miss the quokka.
The quokka is moderately wounded.
The quokka bites you.
You die...

#..≈.#.#.≈..##............
..##.≈...≈.##..............
....#.....#........####.###
≈≈≈≈...<...≈≈≈≈≈≈..# #.#
....#.....#.......## #.#
..##.≈...≈.##..†..#####.#
..≈.#.#.≈..##....##..(#
...≈.#.≈.#.≈...#...##.###
..≈..#.≈.#@.≈.........#
.≈..#..≈.r#..≈.......####
≈...#..≈..#...≈..##†....#
..#...≈...#.....##.#####
......≈........###.#
.............### #.#
.............## #.#
..............####.#
.############...##.#


You could see a quokka.

Vanquished Creatures
  A goblin (D:1)
  2 hobgoblins (D:1)
  A quokka (D:1)
  A bat (D:1)
  A frilled lizard (D:1)
6 creatures vanquished.

Notes
Turn   | Place    | Note
-------+----------+-------------------------------------------
     0 | D:1      | pkoi the Draconian Air Elementalist began the quest for the
                  | Orb.
     0 | D:1      | Reached XP level 1. HP: 14/14 MP: 3/3
   304 | D:1      | Slain by a quokka

Illustrated notes

Levels and vault maps discovered:
D:1:      minmay_arrival_radiant_lines, layout_rooms, serial_bayou_lagoon_b

Action                   || total
-------------------------++-------
Melee: Club              ||    15
       Unarmed           ||     8
       Tailslap          ||     1
 Cast: Shock             ||    16
Armor: Skin              ||     6
Dodge: Dodged            ||    18
